 Dungeon Crawl Stone Soup version 0.30.1-11-g7821555f0a (webtiles) character file.

Game seed: 3265990147347230702

217922 kapitanyg the Slayer (level 18, 0/188 HPs)
             Began as a Minotaur Berserker on Oct 31, 2023.
             Was a High Priest of Trog.
             Slain by a merfolk impaler
             ... wielding a +2 trident of venom
              (16 damage)
             ... on level 4 of the Shoals.
             The game lasted 03:08:56 (39737 turns).

kapitanyg the Slayer (Minotaur Berserker)          Turns: 39737, Time: 03:08:57

Health: 0/188      AC: 26    Str: 30    XL:     18   Next: 40%
Magic:  17/17      EV: 16    Int:  3    God:    Trog [*****.]
Gold:   1032       SH: 16    Dex: 18    Spells: 17/17 levels left

rFire   . . .        n - +7 hand axe "Dybofoz" {heavy, rElec Str+2}
rCold   . . .        e - +5 kite shield {reflect}
rNeg    . . .        O - +1 plate armour "Owniatieff" {Dex+3}
rPois   +            (helmet restricted)
rElec   +            w - +2 cloak {rPois}
rCorr   .            B - +0 pair of gloves
SInv    +            R - +0 pair of boots "Ziddedan" {SInv}
Will    +....        s - amulet of regeneration Stlth
                     E - ring of flight
HPRegen 1.31/turn    F - ring of Immorality {rPois Slay+2}
MPRegen 0.15/turn

%: reflection
@: lethally poisoned (0 -> 0), silenced, on berserk cooldown, flying, slowed,
studying Unarmed Combat, very slow
A: horns 2, retaliatory headbutt, fangs 1, strong 1, inability to read after
injury 1
}: 1/15 runes: serpentine
a: Renounce Religion


You were on level 4 of the Shoals.
You worshipped Trog.
Trog was extremely pleased with you.
You visited 6 branches of the dungeon, and saw 31 of its levels.
You visited 1 bazaar.

You collected 3166 gold pieces.
You spent 2134 gold pieces at shops.

Inventory:

Hand Weapons
 h - the +4 war axe of Ascent {flame, Str+2}
   (You found it on level 2 of the Dungeon)

   Str:       It affects your strength (+2).
 n - the +7 hand axe "Dybofoz" (weapon) {heavy, rElec Str+2}
   (You found it on level 5 of the Dungeon)

   Str:       It affects your strength (+2).
   rElec:     It insulates you from electricity.
Missiles
 z - a throwing net (quivered)
Armour
 e - a +5 kite shield of reflection (worn)
 l - a +0 plate armour of fire resistance
 w - a +2 cloak of poison resistance (worn)
 B - a +0 pair of gloves (worn)
 O - the +1 plate armour "Owniatieff" (worn) {Dex+3}
   (You found it on level 15 of the Dungeon)

   Dex:       It affects your dexterity (+3).
 R - the +0 pair of boots "Ziddedan" (worn) {SInv}
   (You acquired it on level 2 of the Snake Pit)

   SInv:      It lets you see invisible.
Jewellery
 d - a +6 ring of dexterity
 k - a ring of ice
 m - a ring of willpower
 s - an amulet of regeneration (around neck)
 y - a ring of willpower
 E - a ring of flight (left hand)
 F - the ring of Immorality (right hand) {rPois Slay+2}
   (You bought it in a shop in a bazaar)

   [ring of poison resistance]

   Slay:      It affects your accuracy & damage with ranged weapons and melee
   (+2).
   rPois:     It protects you from poison.
 Q - a ring of see invisible
 T - the ring of Naxutou {rN+ Str+4}
   (You found it on level 3 of the Shoals)

   [ring of positive energy]

   Str:       It affects your strength (+4).
   rN:        It protects you from negative energy.
Wands
 j - a wand of mindburst (10)
 v - a wand of flame (22)
 x - a wand of paralysis (31)
 H - a wand of digging (3)
 K - a wand of iceblast (26)
Scrolls
 a - a scroll of magic mapping
 b - 2 scrolls of fog
 c - 19 scrolls of identify
 r - 2 scrolls of enchant armour
 t - 2 scrolls of enchant weapon
 u - a scroll of butterflies
 D - 3 scrolls of poison
 G - a scroll of silence
 I - 6 scrolls of teleportation
 J - 2 scrolls of fear
 L - 3 scrolls of blinking
Potions
 g - 4 potions of might
 o - 6 potions of flight
 q - 3 potions of berserk rage
 A - 4 potions of curing
 C - 4 potions of cancellation
 M - 4 potions of resistance
 N - 2 potions of magic
 P - 2 potions of haste
Miscellaneous
 f - a phial of floods
 i - a phantom mirror
 S - a box of beasts (inert)


   Skills:
 + Level 23.0 Fighting
 - Level 18.0 Axes
 + Level 17.6 Armour
 + Level 16.3 Dodging
 * Level 7.7 Shields
 - Level 9.6 Evocations


You had 17 spell levels left.
You didn't know any spells.
Your spell library was empty.

Dungeon Overview and Level Annotations

Branches:
Dungeon (15/15)            Temple (0/1) D:5            Lair (5/5) D:10
 Shoals (4/4) Lair:2        Snake (4/4) Lair:3        Slime (0/5) Lair:4
    Orc (2/2) D:12            Elf (1/3) Orc:2        Vaults (0/5) D:13
 Depths (0/4) D:15

Altars:
Elyvilon
Kikubaaqudgha
Nemelex Xobeh
Vehumet
Xom
Jiyva

Shops:
D:2 ?[?!!   Orc:2 =((?*   Snake:1 ?   Snake:2 :

Portals:
Trove: D:15 (give +7 demon trident)

Annotations:
D:3 2 runed translucent doors, paradise's ghost, amateur HOMo
D:9 exclusion: oklob plant
Lair:4 1 runed translucent door, Amplified's ghost, journeyman DsHs
Snake:2 Roxanne


Innate Abilities, Weirdness & Mutations

You have a pair of horns on your head.
You reflexively headbutt those who attack you in melee.
You have very sharp teeth.
Your muscles are strong. (Str +4, Int/Dex -1)
You occasionally lose the ability to read scrolls when taking damage.


Message History

The merfolk javelineer throws a javelin.
The javelin barely misses you.
The merfolk hits you from afar with a +0 trident.
* * * LOW HITPOINT WARNING * * *
The merfolk impaler seems to be listening.
You block the merfolk impaler's attack.
Magic scrolls do not work when you're silenced!
Okay, then.
You open the lid... ...and a mature stingfire beast leaps out!
The box is emptied!
You feel sick. You block the merfolk siren's attack.
The snapping turtle misses you. You block the merfolk impaler's attack.
The snapping turtle bites you but does no damage.
The merfolk javelineer throws a javelin.
The javelin barely misses you.
The merfolk throws a silver boomerang.
The silver boomerang barely misses you. The merfolk impaler misses you.
The merfolk siren hits you but does no damage.
You block the snapping turtle's attack. The snapping turtle bites you.
* * * LOW HITPOINT WARNING * * *
The snapping turtle attacks as you move away!
The snapping turtle barely misses you.
You feel sick.
The merfolk javelineer throws a javelin.
The javelin pierces through you!!
* * * LOW HITPOINT WARNING * * *
The javelin pierces through the merfolk!!
The merfolk impaler hits you but does no damage.
The merfolk hits you with a +0 trident!
* * * LOW HITPOINT WARNING * * *
You block the merfolk siren's attack. You block the merfolk impaler's attack.
The snapping turtle bites you from afar.
* * * LOW HITPOINT WARNING * * *
Your mature stingfire beast hits the snapping turtle!
Your mature stingfire beast stings the snapping turtle but does no damage.
The merfolk hits you with a +0 trident!
* * * LOW HITPOINT WARNING * * *
The merfolk javelineer throws a javelin.
The javelin pierces through you but does no damage.
The javelin pierces through the merfolk!!
The merfolk impaler hits you from afar with a +2 trident of venom!
You die...

#~..~.#†...# #≈
.######.....#.~≈≈##≈
~...........#.~.≈≈≈≈
.......<....#.#..≈#
........).)..#.#m..
.........)....#...
...............######.
...........mmm.....(..
.......)...t.@<.......
...........t).m.......
..........H~~~........
.......~~~~(~~......~
......~~~~~~~...~~~~~
.....~~~≈≈m~~...~~~~~
....~~~≈≈≈≈~~..~~~≈≈≈
.~~≈≈≈≈≈≈≈~~~~~≈≈≈≈
~~≈≈≈≈≈≈≈≈~~≈≈≈≈≈


You could see 2 merfolk avatars, a merfolk impaler, a merfolk javelineer, 2
snapping turtles, a merfolk, a merfolk siren and a friendly mature stingfire
beast (summoned, unsilenced).

Vanquished Creatures
  Vashnia (Snake:2)
  Jorgrun (Snake:2)
  A kraken (Shoals:3)
  Polyphemus (Shoals:3)
  6 nagarajas
  An ironbound preserver (D:13)
  A dire elephant (D:15)
  A merfolk impaler (Shoals:3)
  The ghost of Tali the Cleaver, a journeyman DsCK of Xom (Lair:1)
  5 ogre magi
  Erolcha (Orc:2)
  Fannar (D:12)
  3 boulder beetles
  6 salamander tyrants
  11 hydras
  3 catoblepae
  12 centaur warriors
  2 merfolk aquamancers
  3 merfolk avatars
  10 anacondas
  8 two-headed ogres
  17 death yaks
  2 satyrs
  An alligator snapping turtle (Shoals:3)
  A deep troll shaman (Lair:5)
  19 naga warriors
  10 shock serpents
  A tengu warrior (D:11)
  15 naga sharpshooters
  Sonja (Lair:3)
  6 salamander mystics
  6 skysharks
  4 skeletal warriors (D:14)
  5 sea snakes
  7 naga ritualists
  6 lindwurms
  A wizard (D:11)
  20 harpies
  3 orc knights
  A wolf spider (D:15)
  14 mana vipers
  17 ugly things
  An oklob plant (Orc:1)
  12 manticores
  23 fauns
  6 cyclopes
  23 salamanders
  6 orc sorcerers (Orc:2)
  An elephant (shapeshifter) (D:13)
  16 elephants
  4 merfolk sirens
  7 guardian serpents
  12 naga magi
  A water nymph (Shoals:4)
  39 black mambas
  7 cane toads
  5 rime drakes
  A gargoyle (D:10)
  An unseen horror (D:11)
  Psyche (D:12)
  4 kobold demonologists
  4 komodo dragons
  4 tengu conjurers
  10 merfolk
  3 polar bears
  7 trolls
  A hornet (D:7)
  4 wind drakes
  20 blink frogs
  6 snapping turtles
  6 slime creatures
  A spriggan (Lair:3)
  2 shadows (D:10)
  4 water elementals (Shoals:3)
  2 wraiths
  39 yaks
  7 wyverns
  7 basilisks
  A vampire (D:13)
  9 steam dragons
  3 vampire mosquitoes (D:12)
  41 nagas
  4 wargs
  8 water moccasins
  4 acid dragons
  13 orc warriors
  A sky beast (D:8)
  6 black bears
  10 ogres
  13 wolves
  10 centaurs
  6 phantoms
  10 kobold brigands
  14 bullfrogs
  A gnoll sergeant (D:13)
  A wight (D:8)
  14 killer bees
  3 howler monkeys
  2 electric eels
  4 jellies
  19 orc priests
  Crazy Yiuf (D:4)
  5 hounds
  3 sleepcaps
  4 iguanas
  34 orc wizards
  8 hell rats
  Natasha (thrice) (D:4)
  13 gnolls
  6 river rats (Lair:5)
  3 adders
  2 white imps
  An ufetubus (D:4)
  2 worms
  2 dart slugs
  61 orcs
  5 ball pythons
  7 endoplasms
  4 giant cockroaches (D:1)
  7 goblins
  2 hobgoblins (D:4)
  7 jackals
  2 quokkas
  4 bats (D:1)
  2 frilled lizards (D:3)
  32 kobolds
  9 rats
  A tentacle (Shoals:3)
960 creatures vanquished.

Vanquished Creatures (collateral kills)
  A naga sharpshooter (Snake:2)
  A cyclops (D:11)
  4 jellies (D:9)
  10 endoplasms (D:9)
16 creatures vanquished.

Vanquished Creatures (others)
  A quicksilver ooze (shapeshifter) (D:14)
  A naga ritualist (Snake:3)
  A water nymph (Shoals:4)
  A naga (Snake:4)
  An orc priest (D:5)
  4 orcs
  A kobold (D:8)
  7 tentacles (Shoals:3)
17 creatures vanquished.

Grand Total: 993 creatures vanquished

Notes
Turn   | Place    | Note
-------+----------+-------------------------------------------
     0 | D:1      | kapitanyg the Minotaur Berserker began the quest for the
                  | Orb.
     0 | D:1      | Reached XP level 1. HP: 19/19 MP: 0/0
   105 | D:1      | Reached XP level 2. HP: 26/27 MP: 1/1
   459 | D:1      | Found a faded altar of an unknown god.
   586 | D:1      | Reached skill level 4 in Fighting
  1022 | D:2      | Found Upofuergh's Distillery.
  1072 | D:2      | Reached XP level 3. HP: 33/33 MP: 2/2
  1118 | D:2      | Found Utomnum's Magic Scroll Shop.
  1131 | D:2      | Found Qishry's Armour Shoppe.
  1144 | D:2      | Reached ** piety under Trog
  1356 | D:2      | Identified the +4 war axe of Ascent {flame, Str+2}
  1547 | D:2      | Found Putsic's Magic Scroll Shop.
  1674 | D:2      | Found Dituath's Distillery.
  2263 | D:3      | Found a large runed translucent door.
  2263 | D:3      | Found a large runed translucent door.
  2265 | D:3      | Reached XP level 4. HP: 41/41 MP: 3/3
  2268 | D:3      | Noticed paradise's ghost (amateur HOMo)
  2551 | D:4      | Noticed Natasha
  2551 | D:4      | Noticed a black bear
  2553 | D:4      | Killed Natasha
  2554 | D:4      | Reached XP level 5. HP: 47/47 MP: 4/4
  2557 | D:4      | Killed a black bear
  2558 | D:4      | Reached skill level 5 in Fighting
  2558 | D:4      | Reached skill level 5 in Axes
  2563 | D:4      | Noticed Natasha
  2568 | D:4      | Killed Natasha
  2608 | D:4      | Reached XP level 6. HP: 56/56 MP: 5/5
  2621 | D:4      | Identified the +0 dagger of Contention {freeze, *Corrode
                  | rPois Dex+2}
  2740 | D:4      | Noticed Natasha
  2747 | D:4      | Killed Natasha
  3125 | D:4      | Found a runed translucent door.
  3126 | D:4      | Noticed Crazy Yiuf
  3326 | D:4      | Killed Crazy Yiuf
  3326 | D:4      | Reached *** piety under Trog
  3399 | D:5      | Entered Level 5 of the Dungeon
  3408 | D:5      | Reached skill level 5 in Armour
  3408 | D:5      | Reached XP level 7. HP: 59/62 MP: 6/6
  3482 | D:5      | Reached skill level 6 in Fighting
  3527 | D:5      | Identified the +7 hand axe "Dybofoz" {heavy, rElec Str+2}
  3639 | D:5      | Reached skill level 5 in Dodging
  3693 | D:5      | Reached XP level 8. HP: 67/71 MP: 7/7
  4313 | D:5      | Found a staircase to the Ecumenical Temple.
  5082 | D:6      | Reached skill level 10 in Axes
  5245 | D:6      | Reached XP level 9. HP: 78/78 MP: 8/8
  5460 | D:6      | Found a sparkling altar of Nemelex Xobeh.
  6220 | D:7      | Reached **** piety under Trog
  6844 | D:8      | Reached ***** piety under Trog
  7050 | D:8      | Reached XP level 10. HP: 59/84 MP: 9/9
  7065 | D:8      | Noticed a two-headed ogre
  7076 | D:8      | Killed a two-headed ogre
  7080 | D:8      | Reached skill level 15 in Axes
  7123 | D:8      | Noticed a centaur warrior
  7306 | D:8      | Noticed a two-headed ogre
  7312 | D:8      | Killed a two-headed ogre
  7541 | D:8      | Paralysed by a kobold brigand for 5 turns
  7706 | D:8      | Killed a centaur warrior
  8371 | D:9      | Noticed an oklob plant
  8462 | D:9      | Noticed a two-headed ogre
  8471 | D:9      | Killed a two-headed ogre
  8472 | D:9      | Reached XP level 11. HP: 73/91 MP: 10/10
  9113 | D:10     | Entered Level 10 of the Dungeon
  9173 | D:10     | Noticed a two-headed ogre
  9180 | D:10     | Killed a two-headed ogre
  9257 | D:10     | Gained mutation: You have very sharp teeth. [potion of
                  | mutation]
  9257 | D:10     | Gained mutation: Your muscles are strong. (Str +4, Int/Dex
                  | -1) [potion of mutation]
  9257 | D:10     | Gained mutation: You occasionally lose the ability to read
                  | scrolls when taking damage. [potion of mutation]
  9319 | D:10     | Reached skill level 7 in Fighting
  9957 | D:10     | Found a staircase to the Lair.
 10267 | D:11     | Noticed a red ugly thing
 10279 | D:11     | Killed a red ugly thing
 10402 | D:11     | Reached skill level 8 in Fighting
 10494 | D:11     | Noticed an ogre mage
 10495 | D:11     | Noticed a white ugly thing
 10495 | D:11     | Noticed a centaur warrior
 10496 | D:11     | Noticed a tengu warrior
 10499 | D:11     | Noticed a centaur warrior
 10896 | D:11     | Noticed a two-headed ogre
 10901 | D:11     | Killed a two-headed ogre
 10957 | D:11     | Reached skill level 9 in Fighting
 11008 | D:11     | Killed a tengu warrior
 11305 | D:11     | Noticed a wizard
 11310 | D:11     | Killed a wizard
 11311 | D:11     | Reached skill level 10 in Fighting
 11392 | D:11     | Killed a centaur warrior
 11397 | D:11     | Killed an ogre mage
 11398 | D:11     | Reached XP level 12. HP: 96/107 MP: 11/11
 11729 | D:11     | Killed a centaur warrior
 11730 | D:11     | Reached skill level 11 in Fighting
 12529 | D:12     | Noticed Fannar
 12548 | D:12     | Killed Fannar
 12845 | D:12     | Noticed a catoblepas
 13358 | D:11     | Killed a catoblepas
 13359 | D:11     | Reached skill level 12 in Fighting
 13762 | D:12     | Noticed Psyche
 13769 | D:12     | Killed Psyche
 14021 | D:12     | Noticed a centaur warrior
 14024 | D:12     | Killed a centaur warrior
 14025 | D:12     | Reached skill level 10 in Armour
 14043 | D:12     | Found a staircase to the Orcish Mines.
 14085 | D:12     | Reached skill level 13 in Fighting
 14250 | Orc:1    | Entered Level 1 of the Orcish Mines
 14615 | Orc:2    | Entered Level 2 of the Orcish Mines
 14615 | Orc:2    | Found a staircase to the Elven Halls.
 14661 | Elf:1    | Entered Level 1 of the Elven Halls
 14891 | Orc:2    | Found Iffeaboy's Assorted Antiques.
 15565 | Orc:2    | Bought a phantom mirror for 1120 gold pieces
 15565 | Orc:2    | Bought a scroll of teleportation for 84 gold pieces
 15966 | Orc:2    | Noticed an ogre mage
 15986 | Orc:2    | Killed an ogre mage
 15987 | Orc:2    | Reached XP level 13. HP: 109/122 MP: 12/12
 16031 | Orc:2    | Paralysed by something for 5 turns
 16046 | Orc:2    | Found Ahiokkoa's Magic Scroll Shoppe.
 16064 | Orc:2    | Found Jynk's Antique Weapon Emporium.
 16102 | Orc:2    | Found an ancient bone altar of Kikubaaqudgha.
 16464 | Orc:2    | Reached skill level 14 in Fighting
 16474 | Orc:2    | Reached skill level 10 in Dodging
 16662 | Orc:2    | Found Orolelul's Antique Weapon Emporium.
 16715 | Orc:2    | Noticed Erolcha
 16724 | Orc:2    | Killed Erolcha
 16732 | Orc:2    | Bought a runed war axe for 201 gold pieces
 16735 | Orc:2    | Found a radiant altar of Vehumet.
 16943 | Orc:2    | Found Icreisad's Jewellery Emporium.
 19365 | Lair:1   | Entered Level 1 of the Lair of Beasts
 19617 | Lair:1   | Found a runed translucent gate.
 19618 | Lair:1   | Found a runed translucent gate.
 19619 | Lair:1   | Found a runed translucent gate.
 19623 | Lair:1   | Noticed Tali's ghost (journeyman DsCK)
 19647 | Lair:1   | Killed Tali's ghost
 19893 | Lair:1   | Reached skill level 15 in Fighting
 20872 | Lair:2   | You are sucked into a shaft and drop 2 floors!
 20899 | Lair:4   | Found a runed translucent door.
 20899 | Lair:4   | Found a shimmering altar of Xom.
 20899 | Lair:4   | Noticed Amplified's ghost (journeyman DsHs)
 21287 | Lair:2   | Reached skill level 1 in Evocations
 21461 | Lair:2   | Reached skill level 16 in Fighting
 21468 | Lair:2   | Reached XP level 14. HP: 137/137 MP: 13/13
 21682 | Lair:2   | Found a staircase to the Shoals.
 22282 | Orc:2    | Bought a scroll of enchant armour for 120 gold pieces
 22626 | D:2      | Bought a scroll of teleportation for 30 gold pieces
 22626 | D:2      | Bought a scroll of enchant armour for 75 gold pieces
 22626 | D:2      | Bought a scroll of fear for 40 gold pieces
 22626 | D:2      | Bought a scroll of enchant armour for 75 gold pieces
 23109 | Lair:3   | Noticed Sonja
 23140 | Lair:3   | Killed Sonja
 23709 | Lair:3   | Found a staircase to the Snake Pit.
 24259 | Lair:3   | Identified the +1 great sword of the Tooth {freeze, *Rage
                  | rN+ Dex+3}
 24299 | Lair:3   | Identified the ring "Ajuumak" {Wiz rF+ Int+3}
 24551 | Lair:4   | Reached skill level 17 in Fighting
 24793 | Lair:4   | Found a viscous altar of Jiyva.
 24793 | Lair:4   | Found a staircase to the Slime Pits.
 25544 | Lair:5   | Entered Level 5 of the Lair of Beasts
 26000 | Lair:5   | Reached skill level 18 in Fighting
 26071 | Lair:5   | Reached skill level 5 in Evocations
 26071 | Lair:5   | Reached XP level 15. HP: 149/149 MP: 14/14
 26775 | D:13     | Received a gift from Trog
 27046 | D:13     | Found a gate to the Vaults.
 27152 | D:13     | You are sucked into a shaft and drop 1 floor!
 27705 | D:14     | Reached skill level 19 in Fighting
 28152 | D:14     | Found a flickering gateway to a bazaar.
 28163 | Bazaar   | Entered a bazaar
 28217 | Bazaar   | Found Roddoh's General Store.
 28231 | Bazaar   | Found Babboa's Distillery.
 28245 | Bazaar   | Found Ituriaps's Jewellery Boutique.
 28259 | Bazaar   | Found Lamoamij's General Store.
 28273 | Bazaar   | Found Rihuoh's General Store.
 28287 | Bazaar   | Found Maenuyzu's Jewellery Shop.
 28321 | Bazaar   | Bought the ring of Immorality {rPois Slay+2} for 389 gold
                  | pieces
 28492 | D:15     | Entered Level 15 of the Dungeon
 28516 | D:15     | Found a white marble altar of Elyvilon.
 28644 | D:15     | Found a portal to a secret trove of treasure.
 28667 | D:15     | Identified the +1 plate armour "Owniatieff" {Dex+3}
 28800 | D:15     | Received a gift from Trog
 28853 | D:15     | Reached ****** piety under Trog
 29061 | D:15     | Found a staircase to the Depths.
 29442 | Snake:1  | Entered Level 1 of the Snake Pit
 30089 | Snake:1  | Found Nenwotus's Magic Scroll Boutique.
 30189 | Snake:1  | Reached XP level 16. HP: 162/162 MP: 15/15
 30474 | Snake:1  | Reached skill level 15 in Armour
 30537 | Snake:2  | Reached skill level 20 in Fighting
 30553 | Snake:2  | Found Qatoh's Vocational Training.
 30619 | Snake:2  | Paralysed by a salamander for 5 turns
 30886 | Snake:2  | Noticed Jorgrun
 30900 | Snake:2  | Killed Jorgrun
 31189 | Snake:2  | Identified a scroll of acquirement
 31189 | Snake:2  | Acquired the +0 pair of boots "Ziddedan" {SInv}
 31402 | Snake:2  | Identified the +10 spear "Tuumiuch" {protect, Fly rC-
                  | Will+++}
 31570 | Snake:2  | Noticed Vashnia
 32064 | Snake:2  | Received a gift from Trog
 32158 | Snake:2  | Noticed Roxanne
 32251 | Snake:2  | Killed Vashnia
 32924 | Snake:3  | Reached skill level 21 in Fighting
 33454 | Snake:3  | Received a gift from Trog
 33785 | Snake:3  | Reached XP level 17. HP: 169/173 MP: 16/16
 34216 | Snake:4  | Entered Level 4 of the Snake Pit
 34446 | Snake:4  | Reached skill level 15 in Dodging
 35124 | Snake:4  | Received a gift from Trog
 35182 | Snake:4  | Reached skill level 22 in Fighting
 35551 | Snake:4  | Got a serpentine rune of Zot
 36148 | Shoals:1 | Entered Level 1 of the Shoals
 36393 | Shoals:1 | Reached skill level 1 in Shields
 37113 | Shoals:2 | Received a gift from Trog
 37461 | Shoals:2 | Reached XP level 18. HP: 156/187 MP: 17/17
 38012 | Shoals:2 | Reached skill level 5 in Shields
 38703 | Shoals:3 | Identified the ring of Naxutou {rN+ Str+4}
 38800 | Shoals:3 | Noticed Polyphemus
 38813 | Shoals:3 | Killed Polyphemus
 39375 | Shoals:3 | Reached skill level 23 in Fighting
 39613 | Shoals:4 | Entered Level 4 of the Shoals
 39737 | Shoals:4 | Slain by a merfolk impaler

Illustrated notes

Levels and vault maps discovered:
D:1:      sevenhm_arrival_forest_fort_small_3, layout_loops_corners,
          hellmonk_ecumenical_altar_zigzags, hangedman_decor_slide_cut,
          kennysheep_boxes
D:2:      layout_basic, serial_shops, shop, nicolae_shop_back_alley_shop,
          nicolae_shop_advertising_works [nicolae_subvault_shop_adworks],
          nicolae_shop_rolled_up, shop
D:3:      layout_loops_ring, ebering_ghost_disaster_area, serial_glass,
          glass_columns_b, glass_columns_b, glass_columns_b, glass_columns_b,
          glass_columns_b, glass_columns_c
D:4:      layout_cave_pools, chequers_serial_rivers_room_b,
          minmay_misc_feat_nine_boxes, minmay_misc_feat_rugged,
          minmay_small_thing, uniq_crazy_yiuf_cottage, uniq_natasha
D:5:      layout_basic, lemuel_temple_firewalk_b
D:6:      kennysheep_steamy, layout_gridville, amcnicky_altar_gilded
D:7:      layout_gridville, nicolae_concentric_dashed_squares_wild
D:8:      minmay_bloctagon, layout_cave_pools
D:9:      lemuel_slime, layout_rooms, serial_aquarium,
          aquarium_bridge_island_large [aquarium_subvault_large_4_pools,
          aquarium_subvault_bridge, aquarium_subvault_wall,
          aquarium_subvault_bridge, aquarium_subvault_bridge],
          aquarium_bridge_square [aquarium_subvault_bridge,
          aquarium_subvault_bridge, aquarium_subvault_wall,
          aquarium_subvault_wall], aquarium_window_1, aquarium_window_1,
          aquarium_view_2a, aquarium_view_2d, aquarium_pool_four
D:10:     nicolae_cairo_tiling_large, layout_stronghold, lair_entry_dummy
D:11:     layout_basic, minivault_28
D:12:     layout_basic, minmay_orc_entry_temple_large, serial_rivers,
          chequers_serial_rivers_small_3, chequers_serial_rivers_micro_c,
          chequers_serial_rivers_micro_e, chequers_serial_rivers_micro_c,
          chequers_serial_rivers_small_a, argonaut_gorgonesque, uniq_fannar,
          uniq_psyche
D:13:     layout_loops_corners, skrybe_vaults_entry_preservation
D:14:     layout_gridville, serial_shops, freezing_bzr,
          chequers_serial_rivers_large_b
D:15:     hangedman_depths_entry_try_elsewhere_first, layout_cave_pools,
          lemuel_doored_altar, enter_trove_2
Lair:1:   layout_cave_pods, ebering_ghost_rock_garden, serial_bayou_crossing
Lair:2:   layout_regular_city, elwin_shoals_entry_rooms
Lair:3:   layout_concentric_octagons, minmay_snake_entry_guardpost_large,
          grunt_forest_stairs_clearing, grunt_megastairs_5, uniq_sonja
Lair:4:   layout_small_grid, dpeg_slime_entry_enclosed, ebering_ghost_xom,
          serial_bayou_shore_a
Lair:5:   grunt_lair_end_beastmaster, layout_loops_ring,
          kennysheep_abandoned_house
Shoals:1: layout_shoals, nicolae_shoals_land_atoll
Shoals:2: layout_shoals, nicolae_shoals_drake_roost
Shoals:3: layout_shoals, uniq_polyphemus
Shoals:4: shoals_end_hangedman, layout_shoals, nicolae_shoals_circle_sea_wall,
          uniq_nikola, uniq_donald
Snake:1:  layout_gridlike, serial_shops, nicolae_shop_peninsula
Snake:2:  layout_chambers, nicolae_shop_vocational, uniq_jorgrun, uniq_roxanne,
          uniq_vashnia
Snake:3:  layout_honeycomb
Snake:4:  snake_pit_salamanders_mu, layout_cave_town
Orc:1:    layout_diamond_mine, mines3_lemuel
Orc:2:    kennysheep_orc_mage_school, layout_diamond_mine, serial_shops, shop,
          basic_altar, mines1_david
Elf:1:    elf_arrival_001, layout_geoelf_octagon,
          hellmonk_ghost_happy_afterlife, serial_shops,
          nicolae_shop_bloodbath_and_beyond, nicolae_shop_hallway_plus, shop,
          shop, nicolae_lakefront_shop, minmay_elf_sorcery, st_stairs_5,
          nicolae_elf_deep_friendship

Skill      XL: |  1  2  3  4  5  6  7  8  9 10 11 12 13 14 15 16 17 18 |
---------------+-------------------------------------------------------+-----
Axes           | 4 5 6 10 14 17 18 | 18.0
Fighting       | 4 5 6 10 13 16 18 19 21 22 23 | 23.0
Armour         | 3 4 5 6 8 10 12 13 14 16 17 | 17.6
Dodging        | 3 4 5 7 9 11 12 13 14 15 16 | 16.3
Evocations     | 1 5 6 8 9 |  9.6
Shields        | 4 7 |  7.7

Action                     |  1- 3 |  4- 6 |  7- 9 | 10-12 | 13-15 | 16-18 || total
---------------------------+-------+-------+-------+-------+-------+-------++-------
  Melee: Hand axe          |    52 |       |       |       |    78 |   924 ||  1054
         Headbutt          |     9 |     6 |    27 |    83 |   235 |   274 ||   634
         War axe           |    12 |    50 |   204 |   410 |   831 |       ||  1507
         Bite              |       |       |       |    31 |   127 |   164 ||   322
 Invoke: Berserk           |       |     2 |     4 |     5 |    12 |    11 ||    34
         Trog's Hand       |       |       |     1 |    14 |     3 |    10 ||    28
         Brothers in Arms  |       |       |       |     2 |     1 |     2 ||     5
  Evoke: Wand              |       |       |       |    18 |    22 |     9 ||    49
         Phantom mirror    |       |       |       |       |     1 |     1 ||     2
         Box of beasts     |       |       |       |       |       |     1 ||     1
    Use: Scroll            |     3 |       |     8 |    14 |     3 |    11 ||    39
         Potion            |     2 |       |     7 |     6 |       |     8 ||    23
   Stab: Sleeping          |     2 |       |       |       |       |       ||     2
 Armour: Animal skin       |    11 |       |       |       |       |       ||    11
         Scale mail        |     2 |    19 |    83 |    42 |       |       ||   146
         Plate armour      |       |       |       |   175 |   388 |   404 ||   967
  Dodge: Dodged            |    39 |    19 |   110 |   154 |   386 |   621 ||  1329
  Block: Kite shield       |    13 |    16 |    52 |   147 |   415 |   800 ||  1443
         Reflection        |       |       |       |    14 |    37 |   110 ||   161
